 Dungeon Crawl Stone Soup version 0.21.0-3-g78d12a8 (webtiles) character file.

126590 inmateoo the Black Belt (level 16, -4/122 HPs)
             Began as a Demonspawn Monk on Jan 9, 2018.
             Was the Champion of Cheibriados.
             Killed from afar by a deep elf mage (17 damage)
             ... with a bolt of lightning
             ... on level 1 of the Elven Halls.
             The game lasted 00:53:32 (20310 turns).

inmateoo the Black Belt (Demonspawn Monk)          Turns: 20310, Time: 00:53:32

Health: -4/122     AC: 11    Str: 30    XL:     16   Next: 44%
Magic:  24/28      EV: 21    Int: 30    God:    Cheibriados [******]
Gold:   1648       SH: 15    Dex: 33    Spells: 27/31 levels left

rFire    + . .     SeeInvis +     - Unarmed
rCold    + . .     Gourm    .   L - +2 shield {rN+}
rNeg     + . .     Faith    .   D - +3 ring mail "Beakis" {MR+ Dex+2}
rPois    +         Spirit   .   (helmet unavailable)
rElec    .         Reflect  .   n - +0 cloak {+Inv}
rCorr    .         Harm     .   (gloves unavailable)
MR       ++...                  (boots unavailable)
Stlth    +++.......             (no amulet)
HPRegen  0.30/turn              R - ring "Wemn" {Wiz +Blink rF+ Stlth+}
MPRegen  0.21/turn              a - ring of poison resistance

@: very slow
A: antennae 3, claws 3, talons 3, cold resistance 1, powered by death 2, spiny 1
a: Bend Time, Temporal Distortion, Slouch, Step From Time, Renounce Religion,
Evoke Blink, Evoke Invisibility


You were on level 1 of the Elven Halls.
You worshipped Cheibriados.
Cheibriados was exalted by your worship.
You were full.

You visited 5 branches of the dungeon, and saw 25 of its levels.
You also visited: Labyrinth, Sewer and Ossuary.

You collected 2605 gold pieces.
You spent 957 gold pieces at shops.

Inventory:

Hand Weapons
 N - the +8 trident of the Octopus King {venom, rElec rPois MR+}
   (You found it on level 15 of the Dungeon)

   It poisons the flesh of those it strikes.
   It insulates you from electricity.
   It protects you from poison.
   It affects your resistance to hostile enchantments.
Armour
 h - the +7 plate armour of Faxem {rN++ Int+2}
   (You acquired it on level 1 of the Lair of Beasts)

   It affects your intelligence (+2).
   It greatly protects you from negative energy.
 n - a +0 cloak of invisibility (worn)
 D - the +3 ring mail "Beakis" (worn) {MR+ Dex+2}
   (You found it on level 14 of the Dungeon)

   It affects your dexterity (+2).
   It affects your resistance to hostile enchantments.
 F - the +2 plate armour "Qafong" {rF+ rCorr Int-5 SInv}
   (You acquired it on level 10 of the Dungeon)

   It affects your intelligence (-5).
   It protects you from fire.
   It lets you see invisible.
   It protects you from acid and corrosion.
 J - a +3 troll leather armour {Snorg}
 L - a +2 shield of positive energy (worn)
Jewellery
 a - a ring of poison resistance (right claw)
 g - a +4 ring of dexterity
 m - an uncursed ring of protection from cold
 q - an uncursed ring of protection from fire
 H - an uncursed ring of protection from cold
 O - the ring "Tioscheg" {rElec MP+9 Dex+2}
   (You found it on level 15 of the Dungeon)

   [ring of magical power]

   It affects your dexterity (+2).
   It insulates you from electricity.
   It affects your magic capacity (+9).
 R - the ring "Wemn" (left claw) {Wiz +Blink rF+ Stlth+}
   (You found it on level 15 of the Dungeon)

   [ring of wizardry]

   It improves your spell success rate.
   It protects you from fire.
   It lets you blink.
   It makes you more stealthy.
Wands
 r - a wand of digging (42)
 C - a wand of polymorph (40)
 G - a wand of flame (28)
 I - a wand of disintegration (7)
Scrolls
 c - 10 scrolls of identify
 f - 10 scrolls of remove curse
 j - 3 scrolls of fear
 k - 11 scrolls of teleportation
 u - 3 scrolls of amnesia
 v - 3 scrolls of enchant armour
 w - 3 scrolls of blinking
 y - 2 scrolls of fog
 B - 4 scrolls of magic mapping
Potions
 d - 6 potions of flight
 e - a potion of ambrosia
 i - 2 potions of heal wounds
 l - 18 potions of curing
 o - 2 potions of magic
 s - 7 potions of lignification
 t - 3 potions of agility
 x - 3 potions of cancellation
 z - 4 potions of mutation
 A - 6 potions of brilliance
 E - 2 potions of invisibility
 K - a potion of might
Miscellaneous
 p - a phial of floods
Comestibles
 b - 52 rations


   Skills:
 - Level 10.0 Fighting
 * Level 7.6 Polearms
 + Level 9.6 Armour
 - Level 10.0 Dodging
 - Level 1.7 Stealth
 + Level 6.1 Shields
 * Level 17.5 Unarmed Combat
 - Level 8.0 Spellcasting
 - Level 8.0 Invocations


You had 27 spell levels left.
You knew the following spells:

 Your Spells              Type           Power        Failure   Level  Hunger
a - Mephitic Cloud        Conj/Pois/Air  ##......     21%         3    None
b - Apportation           Tloc           ##....       8%          1    None


Dungeon Overview and Level Annotations

Branches:
Dungeon (15/15)            Temple (1/1) D:5            Lair (6/6) D:9
 Shoals (0/4) Lair:3        Snake (0/4) Lair:4        Slime (0/5) Lair:5
    Orc (2/2) D:10            Elf (1/3) Orc:2        Vaults (0/5) D:14
 Depths (0/5) D:15

Altars:
Ashenzari
Cheibriados
Dithmenos
Elyvilon
Fedhas
Gozag
Hepliaklqana
Kikubaaqudgha
Makhleb
Nemelex Xobeh
Okawaru
Qazlal
Ru
Sif Muna
Trog
Uskayaw
Vehumet
Wu Jian
Xom
Zin
The Shining One
Beogh
Jiyva

Shops:
D:15 [!*   Orc:2 ([([

Portals:
Hell: Lair:6


Innate Abilities, Weirdness & Mutations

You have a pair of large antennae on your head. (SInv)
You have claws for hands.
You have claws for feet.
Your flesh is cold resistant. (rC+)
You regenerate health from kills.
You are partially covered in sharp spines.


Message History

You close the door.
You start resting.
A deep elf archer opens the door.
It is wielding an enchanted shortbow.
You swing at nothing.
The deep elf archer blinks!
You swing at nothing.
The deep elf mage mumbles some strange words.
The deep elf mage blinks!
The deep elf archer shoots an arrow.
The arrow hits you.
The deep elf mage points at you and mumbles some strange words.
The bolt of lightning misses you. The bolt of lightning hits you!
The deep elf archer shoots an arrow.
The arrow hits you!
You warp the flow of time around you!
You feel quite a bit less full.
Unknown command.
You claw the deep elf archer! x2
The deep elf archer is almost dead.
The deep elf mage gestures at you while chanting.
The bolt of lightning hits you!
* * * LOW HITPOINT WARNING * * *
The bolt of lightning hits you!
You die...

##.......##
##'#.....'##
#)###'####)# #.## #.#
##) #.# #.# ## #.#
###'### # #.#
##.....## ##e#
##.......## #+#@#
#.........#
##.'######.........#
#....'...'.........+
#....e{#####.........#
#....e....#
#.........#
#.#.#.#.#..#
##.......##
#..........# ##.....+#
..#.#.#.#..# #######
ee§%.§......


You could see a deep elf archer and 2 deep elf magi.

Vanquished Creatures
  Kirke (D:15)
  A frost giant (D:15)
  An ettin (D:15)
  Snorg (D:10)
  A minotaur (Lab)
  A yaktaur captain (D:15)
  A fire dragon (D:15)
  4 slime creatures
  A great orb of eyes (D:15)
  9 vault guards
  A rakshasa (D:14)
  A catoblepas (Orc:1)
  12 hydras
  Erolcha (D:10)
  3 ogre magi
  6 centaur warriors
  A dancing weapon (Elf:1)
  14 two-headed ogres
  9 death yaks
  2 tengu warriors (D:15)
  An orc high priest (Elf:1)
  Nergalle (Lair:4)
  A deep elf knight (D:14)
  A sixfirhy (Lair:6)
  An unseen horror (D:15)
  2 deep trolls
  A wizard (Lair:6)
  5 skeletal warriors (D:15)
  A necromancer (D:15)
  6 orc knights
  An oklob plant (Lair:3)
  4 manticores
  3 ugly things
  A wolf spider (D:15)
  3 deep elf magi
  6 cyclopes
  3 merfolk sirens (Lair:3)
  4 guardian serpents (D:15)
  A guardian serpent (shapeshifter) (D:15)
  Joseph (D:7)
  7 black mambas
  A smoke demon (Lair:6)
  9 spiny frogs
  3 orange demons (Lair:6)
  2 gargoyles (D:14)
  A spiny frog (shapeshifter) (D:15)
  9 rime drakes
  A kobold demonologist (D:12)
  10 komodo dragons
  A freezing wraith (D:15)
  An efreet (D:15)
  An ice devil (Lair:6)
  A harpy zombie (D:14)
  5 tengu conjurers
  A merfolk (Lair:3)
  A red devil (Lair:6)
  18 trolls
  A queen bee (D:11)
  Grinder (D:4)
  7 polar bears
  3 hornets
  13 blink frogs
  19 hippogriffs
  4 wraiths
  2 air elementals (Elf:1)
  A shadow (D:12)
  Sigmund (D:2)
  Eustachio (D:6)
  14 wyverns
  3 humans
  2 hungry ghosts
  40 yaks
  A basilisk (Lair:4)
  4 hogs (D:15)
  6 wargs
  2 vampire mosquitoes (D:15)
  2 nagas (Lair:4)
  An acid dragon (D:12)
  13 water moccasins
  5 hell hounds (Lair:6)
  A soldier ant (D:13)
  A sky beast (D:5)
  A swamp drake (D:14)
  6 porcupines
  3 ice beasts
  18 orc warriors
  2 black bears
  5 boggarts (D:14)
  An eye of draining (D:13)
  4 phantoms
  30 ogres
  14 wolves
  12 centaurs
  A necrophage (D:9)
  10 crocodiles
  8 big kobolds
  Blork the orc (D:6)
  20 bullfrogs
  2 wyvern zombies
  7 scorpions
  A water moccasin skeleton (D:12)
  25 killer bees (D:11)
  4 electric eels
  4 spriggan skeletons (Lab)
  8 wights
  5 howler monkeys
  12 crimson imps
  4 centaur zombies
  4 bullfrog zombies
  11 jellies
  24 orc priests
  8 centaur skeletons
  4 hounds
  26 orc wizards
  A bullfrog skeleton (D:13)
  6 hell rats (Lair:4)
  Natasha (thrice) (D:4)
  5 iguanas
  9 worker ants
  2 big kobold zombies (Ossuary)
  5 mummies
  A hound zombie (D:9)
  2 hound skeletons
  A worker ant zombie (D:11)
  2 river rats (D:5)
  16 adders
  2 shadow imps
  19 oozes
  An adder skeleton (D:6)
  2 dart slugs (D:1)
  10 leopard geckos
  107 orcs
  14 giant cockroaches
  3 gnoll zombies (Ossuary)
  3 goblins
  15 hobgoblins
  7 jackals
  43 kobolds
  2 quokkas
  7 ball pythons
  9 bats
  6 frilled lizards
  A hobgoblin zombie (Ossuary)
  A kobold zombie (Ossuary)
  3 quokka skeletons
  9 rats
  A butterfly (Lair:3)
941 creatures vanquished.

Vanquished Creatures (collateral kills)
  An orc (Orc:1)
1 creature vanquished.

Vanquished Creatures (others)
  An orc warrior (Orc:1)
  2 orcs
  14 fungi
  4 plants
21 creatures vanquished.

Grand Total: 963 creatures vanquished

Notes
Turn   | Place    | Note
-------+----------+-------------------------------------------
     0 | D:1      | inmateoo the Demonspawn Monk began the quest for the Orb.
     0 | D:1      | Reached XP level 1. HP: 18/18 MP: 1/1
   267 | D:1      | Reached skill level 3 in Unarmed Combat
   343 | D:1      | Gained mutation: You have a pair of small antennae on your head. [demonic ancestry]
   343 | D:1      | Reached XP level 2. HP: 13/24 MP: 2/2
   934 | D:1      | Gained mutation: You regenerate a little health from kills. [demonic ancestry]
   934 | D:1      | Reached XP level 3. HP: 28/29 MP: 3/3
  1079 | D:1      | Reached skill level 4 in Unarmed Combat
  1451 | D:2      | Noticed a necrophage
  2002 | D:2      | Found a glowing silver altar of Zin.
  2180 | D:2      | Gained mutation: You are partially covered in sharp spines. [demonic ancestry]
  2180 | D:2      | Reached XP level 4. HP: 31/35 MP: 4/4
  2329 | D:2      | Noticed Sigmund
  2345 | D:2      | Killed Sigmund
  2345 | D:2      | Reached skill level 6 in Unarmed Combat
  2345 | D:2      | Gained mutation: You have sharp fingernails. [demonic ancestry]
  2345 | D:2      | Reached XP level 5. HP: 41/41 MP: 5/5
  2729 | D:3      | Reached XP level 6. HP: 47/47 MP: 6/6
  3396 | D:4      | Noticed Natasha
  3403 | D:4      | Killed Natasha
  3437 | D:4      | Noticed Natasha
  3442 | D:4      | Killed Natasha
  3469 | D:4      | Found a sand-covered staircase.
  3475 | D:4      | Reached skill level 7 in Unarmed Combat
  3524 | Ossuary  | Entered an ossuary
  4029 | Ossuary  | Gained mutation: You have sharp toenails. [demonic ancestry]
  4029 | Ossuary  | Reached XP level 7. HP: 48/52 MP: 7/7
  4238 | D:4      | Found an ornate altar of the Wu Jian Council.
  4568 | D:4      | Noticed Grinder
  4574 | D:4      | Paralysed by Grinder for 7 turns
  4584 | D:4      | Killed Grinder
  4584 | D:4      | Reached skill level 8 in Unarmed Combat
  5021 | D:4      | Noticed Natasha
  5026 | D:4      | Killed Natasha
  5060 | D:5      | Entered Level 5 of the Dungeon
  5065 | D:5      | Reached skill level 9 in Unarmed Combat
  5065 | D:5      | Gained mutation: You have razor-sharp toenails. [demonic ancestry]
  5065 | D:5      | Reached XP level 8. HP: 56/58 MP: 8/8
  5209 | D:5      | Found a glowing drain.
  5276 | Sewer    | Entered a sewer
  5373 | Sewer    | Reached skill level 10 in Unarmed Combat
  5666 | D:5      | Found a blossoming altar of Fedhas.
  5839 | D:5      | Found a staircase to the Ecumenical Temple.
  5920 | Temple   | Entered the Ecumenical Temple
  5977 | Temple   | Became a worshipper of Cheibriados the Contemplative
  5977 | Temple   | Reached * piety under Cheibriados
  5977 | Temple   | Reached ** piety under Cheibriados
  6150 | D:6      | Reached skill level 11 in Unarmed Combat
  6150 | D:6      | Reached XP level 9. HP: 20/63 MP: 9/9
  6157 | D:6      | Noticed Eustachio
  6165 | D:6      | Killed Eustachio
  6227 | D:6      | Found a shattered altar of Ashenzari.
  6271 | D:6      | Noticed Blork the orc
  6279 | D:6      | Killed Blork the orc
  6508 | D:6      | Reached *** piety under Cheibriados
  6648 | D:7      | Noticed Joseph
  7061 | D:7      | Killed Joseph
  7061 | D:7      | Reached skill level 1 in Armour
  7061 | D:7      | Reached skill level 12 in Unarmed Combat
  7061 | D:7      | Reached skill level 1 in Spellcasting
  7061 | D:7      | Reached skill level 1 in Invocations
  7311 | D:7      | Found an iron altar of Okawaru.
  7707 | D:7      | Gained mutation: You have a pair of antennae on your head. [demonic ancestry]
  7707 | D:7      | Reached XP level 10. HP: 71/71 MP: 12/12
  7935 | D:8      | Noticed a two-headed ogre
  7940 | D:8      | Killed a two-headed ogre
  7953 | D:8      | Reached **** piety under Cheibriados
  8318 | D:9      | Found a blossoming altar of Fedhas.
  8449 | D:9      | Reached ***** piety under Cheibriados
  8554 | D:9      | Found a glowing golden altar of the Shining One.
  8598 | D:10     | Entered Level 10 of the Dungeon
  8599 | D:10     | Noticed a two-headed ogre
  8607 | D:10     | Killed a two-headed ogre
  8732 | D:10     | Noticed Erolcha
  8740 | D:10     | Killed Erolcha
  8740 | D:10     | Reached skill level 5 in Invocations
  8801 | D:10     | Reached skill level 5 in Fighting
  8908 | D:10     | Identified a scroll of acquirement
  8911 | D:10     | Got a smoking plate armour
  8922 | D:10     | Identified the +2 plate armour "Qafong" {rF+ rCorr Int-5 SInv} (You acquired it on level 10 of the Dungeon)
  9017 | D:10     | Noticed Snorg
  9037 | D:10     | HP: 3/74 [Snorg (14)]
  9041 | D:10     | Killed Snorg
  9041 | D:10     | Gained mutation: You have a pair of large antennae on your head. (SInv) [demonic ancestry]
  9041 | D:10     | Reached XP level 11. HP: 29/80 MP: 11/16
  9254 | D:10     | Found a staircase to the Orcish Mines.
  9259 | D:10     | Reached skill level 13 in Unarmed Combat
  9267 | D:10     | Found a roughly hewn altar of Beogh.
  9296 | D:10     | Noticed a two-headed ogre
  9305 | D:10     | Killed a two-headed ogre
  9471 | Orc:1    | Entered Level 1 of the Orcish Mines
  9557 | Orc:1    | Noticed an orc knight
  9557 | Orc:1    | Reached skill level 5 in Dodging
  9574 | Orc:1    | Killed an orc knight
  9632 | Orc:1    | Noticed a two-headed ogre
  9638 | Orc:1    | Killed a two-headed ogre
  9721 | Orc:1    | Noticed an orc warlord
  9732 | Orc:1    | Noticed a catoblepas
  9732 | Orc:1    | an orc warlord changed into a catoblepas
  9741 | Orc:1    | Killed a catoblepas
  9847 | Orc:2    | Entered Level 2 of the Orcish Mines
  9867 | Orc:2    | Noticed an orc knight
  9889 | Orc:2    | Killed an orc knight
  9910 | Orc:2    | Noticed a two-headed ogre
  9911 | Orc:2    | Noticed a two-headed ogre
  9911 | Orc:2    | Reached ****** piety under Cheibriados
  9915 | Orc:2    | Noticed a two-headed ogre
  9915 | Orc:2    | Killed a two-headed ogre
  9915 | Orc:2    | Reached skill level 5 in Armour
  9915 | Orc:2    | Reached skill level 5 in Spellcasting
  9918 | Orc:2    | Killed a two-headed ogre
  9948 | Orc:2    | Gained mutation: You regenerate health from kills. [demonic ancestry]
  9948 | Orc:2    | Reached XP level 12. HP: 88/88 MP: 19/19
  9951 | Orc:2    | Noticed a two-headed ogre
  9958 | Orc:2    | Killed a two-headed ogre
  9963 | Orc:2    | Killed a two-headed ogre
  9963 | Orc:2    | Reached skill level 14 in Unarmed Combat
  9972 | Orc:2    | Noticed a two-headed ogre
  9980 | Orc:2    | Noticed a two-headed ogre
  9988 | Orc:2    | Killed a two-headed ogre
  9994 | Orc:2    | Killed a two-headed ogre
 10014 | Orc:2    | Noticed a two-headed ogre
 10018 | Orc:2    | Noticed an ogre mage
 10024 | Orc:2    | Killed a two-headed ogre
 10027 | Orc:2    | Noticed an ogre mage
 10036 | Orc:2    | Noticed a two-headed ogre
 10039 | Orc:2    | Reached skill level 15 in Unarmed Combat
 10044 | Orc:2    | Killed an ogre mage
 10050 | Orc:2    | Killed a two-headed ogre
 10116 | Orc:2    | Found Xatrulla's Antique Armour Emporium.
 10117 | Orc:2    | Found Ygum's Antique Armour Shop.
 10122 | Orc:2    | Found Poovvuado's Weapon Shoppe.
 10130 | Orc:2    | Killed an ogre mage
 10140 | Orc:2    | Found Noun's Weapon Emporium.
 10168 | Orc:2    | Bought a runed buckler for 202 gold pieces
 10168 | Orc:2    | Bought a runed cloak for 202 gold pieces
 10168 | Orc:2    | Bought a runed cloak for 202 gold pieces
 10328 | Orc:2    | Found a staircase to the Elven Halls.
 10544 | D:11     | Noticed a seven-headed hydra
 10555 | D:11     | Killed a seven-headed hydra
 10599 | D:11     | Reached skill level 1 in Shields
 10609 | D:11     | Gained mutation: You have claws for feet. [demonic ancestry]
 10609 | D:11     | Reached XP level 13. HP: 74/94 MP: 21/21
 11698 | D:13     | You fall through a shaft!
 11810 | D:14     | Found a gate to the Vaults.
 11895 | D:14     | Identified the +3 ring mail "Beakis" {MR+ Dex+2} (You found it on level 14 of the Dungeon)
 11971 | D:14     | Gained mutation: You have very sharp fingernails. [demonic ancestry]
 11971 | D:14     | Reached XP level 14. HP: 85/104 MP: 24/24
 12067 | D:14     | Reached skill level 16 in Unarmed Combat
 12293 | D:14     | Learned a level 3 spell: Mephitic Cloud
 12556 | D:15     | Entered Level 15 of the Dungeon
 12601 | D:15     | Found the +8 trident of the Octopus King {venom, rElec rPois MR+}
 12645 | D:15     | Noticed Kirke
 12651 | D:15     | Reached skill level 1 in Polearms
 12652 | D:15     | Killed Kirke
 12661 | D:15     | Got a glittering golden ring
 12664 | D:15     | Identified the ring "Qesu Rif" {rC- Str+5 Stlth+} (You found it on level 15 of the Dungeon)
 12675 | D:15     | Found Rat Homp's Antique Armour Shop.
 12813 | D:15     | Got a crude copper ring
 12814 | D:15     | Identified the ring "Tioscheg" {rElec MP+9 Dex+2} (You found it on level 15 of the Dungeon)
 12849 | D:15     | Found Iniphuw's Distillery.
 12863 | D:15     | Bought a potion of heal wounds for 90 gold pieces
 12863 | D:15     | Bought a potion of curing for 54 gold pieces
 12863 | D:15     | Bought a potion of curing for 54 gold pieces
 12863 | D:15     | Bought a potion of agility for 72 gold pieces
 12988 | D:15     | Got a glittering marble ring
 12989 | D:15     | Identified the ring "Wemn" {Wiz +Blink rF+ Stlth+} (You found it on level 15 of the Dungeon)
 13021 | D:15     | Found Cupnua Toig's Assorted Antiques.
 13035 | D:15     | Bought a scroll labeled GIUSYCS ISUS for 27 gold pieces
 13035 | D:15     | Bought a scroll labeled ELIUTE WOISKID for 27 gold pieces
 13035 | D:15     | Bought a scroll labeled JISIUGA QIASKU for 27 gold pieces
 13121 | D:15     | Found a staircase to the Depths.
 13128 | D:15     | Gained mutation: You have claws for hands. [demonic ancestry]
 13128 | D:15     | Reached XP level 15. HP: 82/113 MP: 26/26
 13338 | D:15     | Noticed a frost giant
 13344 | D:15     | HP: 1/113 [frost giant/battleaxe of freezing (17)]
 13351 | D:15     | Killed a frost giant
 13512 | D:13     | Learned a level 1 spell: Apportation
 14339 | D:9      | Found a sparkling altar of Nemelex Xobeh.
 14390 | D:9      | Found a staircase to the Lair.
 14405 | D:9      | Found a hide-covered altar of Uskayaw.
 15021 | D:8      | Found a white marble altar of Elyvilon.
 15091 | Lair:1   | Entered Level 1 of the Lair of Beasts
 15108 | Lair:1   | Reached skill level 5 in Polearms
 15409 | Lair:1   | Got a dazzling plate armour
 15420 | Lair:1   | Identified the +7 plate armour of Faxem {rN++ Int+2} (You acquired it on level 1 of the Lair of Beasts)
 15894 | Lair:2   | Found a labyrinth entrance.
 15904 | Lab      | Entered a labyrinth
 16591 | Lair:2   | Reached skill level 17 in Unarmed Combat
 17187 | Lair:3   | You fall through a shaft for 3 floors!
 17187 | Lair:6   | Entered Level 6 of the Lair of Beasts
 17194 | Lair:6   | Reached skill level 5 in Shields
 17283 | Lair:6   | Found a burning altar of Makhleb.
 17283 | Lair:6   | Paralysed by a wizard for 6 turns
 17309 | Lair:6   | Found a gateway to Hell.
 17758 | Lair:6   | Gained mutation: Your flesh is cold resistant. (rC+) [demonic ancestry]
 17758 | Lair:6   | Reached XP level 16. HP: 63/122 MP: 28/28
 17932 | Lair:6   | Found a radiant altar of Vehumet.
 18500 | Lair:5   | Found a viscous altar of Jiyva.
 18500 | Lair:5   | Found a staircase to the Slime Pits.
 18961 | Lair:4   | Reached skill level 10 in Fighting
 19040 | Lair:4   | Noticed Nergalle
 19053 | Lair:4   | Killed Nergalle
 19127 | Lair:4   | Found a staircase to the Snake Pit.
 19423 | Lair:4   | Reached skill level 10 in Dodging
 19825 | Lair:3   | Found a staircase to the Shoals.
 20219 | Elf:1    | Entered Level 1 of the Elven Halls
 20310 | Elf:1    | Killed from afar by a deep elf mage

Skill      XL: |  1  2  3  4  5  6  7  8  9 10 11 12 13 14 15 16 |
---------------+-------------------------------------------------+-----
Unarmed Combat | 3 4 6 7 9 11 12 13 15 16 17 | 17.5
Armour         | 1 3 5 6 7 8 9 |  9.6
Dodging        | 3 4 6 7 8 9 10 | 10.0
Spellcasting   | 1 3 5 6 7 8 |  8.0
Invocations    | 2 5 6 7 8 |  8.0
Fighting       | 5 6 7 9 10 | 10.0
Shields        | 1 3 4 5 6 |  6.1
Polearms       | 4 6 7 |  7.6
Stealth        | |  1.7

Action                   |  1- 3 |  4- 6 |  7- 9 | 10-12 | 13-15 | 16-18 || total
-------------------------+-------+-------+-------+-------+-------+-------++-------
Melee: Unarmed           |   192 |   149 |   262 |   365 |   898 |   282 ||  2148
       Punch             |     2 |     4 |     9 |    45 |       |       ||    60
       Kick              |       |       |    92 |   202 |   505 |   136 ||   935
Invok: Slouch            |       |       |       |     4 |    13 |       ||    17
       Temporal Distorti |       |       |       |     4 |       |     1 ||     5
Evoke: Wand              |       |       |     2 |     9 |     5 |       ||    16
  Use: Scroll            |     5 |     4 |    14 |     5 |    12 |     1 ||    41
       Potion            |       |     2 |     1 |     7 |     8 |       ||    18
 Stab: Sleeping          |     2 |       |       |     2 |    19 |       ||    23
       Distracted        |       |       |     1 |     1 |     2 |       ||     4
       Invisible         |       |       |       |     5 |       |       ||     5
  Eat: Chunk             |     4 |     4 |     6 |     3 |     4 |       ||    21
       Ration            |       |     1 |     1 |     2 |     5 |     2 ||    11
Armor: Robe              |    10 |       |       |       |       |       ||    10
       Ring mail         |    20 |       |       |       |       |     2 ||    22
       Chain mail        |    37 |    46 |   105 |    32 |       |       ||   220
       Plate armour      |       |       |       |    14 |   111 |    77 ||   202
       Troll leather arm |       |       |       |    29 |   101 |       ||   130
       Skin              |       |       |       |     2 |       |       ||     2
Dodge: Dodged            |    95 |    37 |    91 |   291 |   502 |   112 ||  1128
Block: Buckler           |       |       |       |    10 |   185 |       ||   195
       Shield            |       |       |       |       |   305 |   185 ||   490
